Map: Lerilak Crest

Players

capac - Winner!

  • Race: Terran Terran
  • League: Gold

detonator

  • Race: Terran Terran
  • League: Gold

VOD

Have the link to the VOD?

Description

Time

  • Played on: Feb. 20, 2016, 12:31 p.m.
  • Length: 17:17
Show
View Real Time Build Order
Export as new Build Order

capac Terran - Winner!

Build Orders: MMM Bio 

Get SALT Encoding   

  12  0:01  SCV  
  13  0:13  SCV  
  14  0:17  Supply Depot  
  14  0:25  SCV  
  15  0:39  SCV  
  15  0:40  Barracks  
  16  0:45  Refinery  
  16  0:55  SCV  
  17  1:08  SCV  
  18  1:20  SCV  
  19  1:31  Barracks Reactor  
  19  1:32  SCV  
  20  1:40  Command Center  
  20  1:44  SCV  
  21  1:57  Barracks  
  21  1:58  SCV  
  22  2:08  Marine  
  23  2:16  Supply Depot  
  23  2:36  Orbital Command  
  23  2:37  Marine  
  24  2:49  Barracks Tech Lab  
  24  2:51  Factory  
  24  2:53  Refinery  
  24  2:54  Marine  
  24  2:55  Marine  
  27  3:02  Orbital Command  
  26  3:07  Bunker  
  26  3:10  Marine  
  26  3:12  Marine  
  28  3:32  SCV x2  
  30  3:34  Marine  
  30  3:35  Marine  
  30  3:39  Starport, Factory Reactor  
  32  3:49  Supply Depot  
  32  3:50  SCV  
  32  3:51  SCV  
  34  3:56  Marine x3  
  34  4:01  Stimpack  
  37  4:03  SCV  
  37  4:05  SCV  
  39  4:15  SCV  
  40  4:17  SCV  
  38  4:46  Bunker  
  38  4:49  Viking  
  31  5:12  Marine x2  
  33  5:30  Factory Tech Lab  
  33  5:33  Marine x2  
  34  5:48  Marine  
  35  5:50  Supply Depot  
  35  5:51  Marine, Siege Tank  
  35  5:54  Viking, Orbital Command  
  35  5:55  Viking  
  35  5:57  Marine  
  44  6:06  Engineering Bay, Marine  
  42  6:30  Viking x2  
  44  6:59  SCV  
  44  7:00  SCV  
  46  7:07  Marine x3  
  49  7:08  Siege Tank  
  49  7:09  Medivac  
  54  8:15  Supply Depot  
  54  8:16  Marine x3, Medivac  
  59  8:34  Marine x3  
  59  8:37  SCV  
  59  8:38  Command Center  
  59  8:39  Missile Turret  
  59  8:40  Supply Depot  
  63  8:41  Siege Tank  
  66  8:49  SCV  
  66  8:51  Medivac  
  66  8:52  Reaper  
  70  9:01  Marine x2  
  70  9:02  SCV  
  73  9:05  Supply Depot  
  73  9:06  Combat Shields  
  73  9:09  Terran Infantry Weapons Level 1  
  73  9:14  SCV  
  73  9:15  Supply Depot  
  74  9:19  Marine x2  
  76  9:26  SCV  
  76  9:29  Missile Turret  
  77  9:38  SCV  
  78  9:42  SCV  
  79  9:50  SCV  
  80  9:54  SCV  
  80  9:56  Barracks  
  80  9:59  Siege Tank  
  84  10:02  Supply Depot, SCV  
  70  10:14  Missile Turret  
  66  10:28  Orbital Command  
  66  10:31  Marine x3, Siege Tank  
  72  10:39  SCV x2  
  74  10:48  Barracks Reactor  
  74  10:49  Marine  
  75  10:52  Barracks  
  75  10:55  SCV  
  76  11:08  Missile Turret, SCV  
  76  11:09  Marine x3  
  80  11:13  Liberator x2  
  80  11:20  SCV  
  80  11:21  SCV x2  
  83  11:25  Refinery  
  83  11:27  Marine x3  
  83  11:28  Refinery, Marine x2  
  94  11:33  Siege Tank  
  97  11:49  Missile Turret  
  97  11:52  SCV x2  
  99  11:55  Marine x4  
  99  11:59  Marine  
  104  12:03  Barracks, Barracks Reactor  
  104  12:08  Siege Tank  
  104  12:12  Supply Depot, Marine, Command Center  
  104  12:13  Marine  
  109  12:29  SCV  
  111  12:30  SCV  
  111  12:31  Medivac x2  
  111  12:32  Marine x2  
  111  12:33  Marine x2  
  111  12:35  Supply Depot  
  119  12:42  Siege Tank  
  122  12:48  Supply Depot  
  122  12:49  Starport  
  122  12:56  Refinery  
  122  12:57  SCV  
  122  12:58  Refinery  
  123  13:02  Medivac  
  123  13:03  Medivac  
  127  13:07  Supply Depot  
  127  13:14  Barracks Reactor  
  127  13:18  Engineering Bay  
  127  13:19  Terran Infantry Armor Level 1  
  127  13:24  Armory  
  127  13:35  Supply Depot  
  127  13:36  Marine x2  
  127  13:37  Marine x5  
  133  14:19  Marine x4  
  133  14:20  Marine x3  
  133  14:21  Siege Tank  
  133  14:23  Starport Reactor  
  143  14:25  Supply Depot  
  128  14:53  Siege Tank  
  128  14:56  Marine x2  
  128  14:57  Marine x4  
  134  15:28  Medivac x2  
  123  15:58  Medivac x2  
  123  16:03  Marine x3  
  121  16:43  Marine x4  
  125  17:04  Command Center  
Show
View Real Time Build Order
Export as new Build Order

detonator Terran 

Build Orders: Liberator Opening 

Get SALT Encoding   

  12  0:02  SCV  
  13  0:14  SCV  
  14  0:26  SCV  
  15  0:29  Supply Depot  
  15  0:36  Refinery  
  15  0:40  Refinery  
  15  0:50  SCV  
  15  0:55  Barracks  
  16  1:02  SCV  
  17  1:15  SCV  
  17  1:17  Supply Depot  
  18  1:31  SCV  
  19  1:44  Factory, Marine  
  20  1:51  Orbital Command  
  20  2:02  Marine  
  21  2:17  SCV  
  21  2:19  Marine  
  23  2:31  Factory Reactor  
  23  2:34  Starport  
  23  2:37  Marine  
  24  2:48  SCV  
  24  2:50  Supply Depot  
  25  2:55  Marine  
  25  2:56  Engineering Bay  
  26  3:02  SCV  
  26  3:03  Liberator  
  27  3:16  Marine  
  28  3:20  Medivac  
  33  3:28  Factory Tech Lab  
  33  3:32  SCV  
  33  3:34  Marine  
  35  3:43  Supply Depot  
  35  3:50  Medivac  
  35  3:51  Marine  
  38  4:04  Siege Tank  
  38  4:09  Marine  
  41  5:05  Marine  
  42  5:07  Command Center  
  42  5:12  Siege Tank, Medivac  
  47  5:14  Barracks  
  47  5:18  Barracks  
  47  5:21  Terran Infantry Weapons Level 1  
  47  5:58  Supply Depot  
  47  5:59  Supply Depot  
  47  6:00  Marine, Medivac x2  
  52  6:18  Marine  
  53  6:24  Siege Tank  
  56  6:25  Barracks Reactor  
  56  6:26  Barracks Reactor  
  56  6:30  Medivac x2  
  60  6:36  Marine  
  51  7:02  Marine x5  
  56  7:12  Missile Turret  
  56  7:15  Missile Turret x2  
  56  7:16  Terran Infantry Armor Level 1  
  56  7:19  Command Center  
  56  7:20  Marine  
  55  7:48  Viking x2  
  55  7:49  Marine  
  60  7:54  SCV  
  59  8:06  SCV  
  60  8:20  Marine x5  
  65  8:28  Viking x2  
  69  8:38  Armory  
  69  8:48  Planetary Fortress  
  69  8:51  SCV  
  69  8:52  Missile Turret  
  70  8:57  Orbital Command  
  70  9:17  Missile Turret  
  70  9:20  Sensor Tower  
  70  9:24  SCV x2  
  71  9:27  SCV  
  71  9:31  Marine x4  
  74  9:35  Barracks Tech Lab  
  74  9:36  SCV  
  74  9:38  Medivac  
  80  9:39  SCV  
  80  9:41  Terran Vehicle And Ship Armor Level 1  
  81  9:49  Marine  
  82  10:00  SCV x2  
  82  10:02  Refinery, Marine  
  82  10:04  Refinery  
  85  10:07  Missile Turret  
  85  10:12  Sensor Tower  
  49  10:23  Marine x3  
  49  10:24  Marine x2  
  49  10:25  Viking  
  54  10:41  Marine x3  
  57  10:48  Marauder  
  59  10:52  Terran Infantry Weapons Level 2  
  59  10:55  SCV x2  
  61  11:11  Marine x3  
  61  11:13  Marauder  
  61  11:15  SCV  
  67  11:23  Command Center  
  67  11:24  Medivac  
  69  11:26  Viking  
  69  11:27  SCV  
  69  11:28  Sensor Tower  
  72  11:35  SCV x2  
  74  11:49  Command Center  
  74  12:08  Starport  
  74  12:10  Supply Depot, Starport, SCV  
  75  12:16  SCV  
  75  12:22  SCV  
  76  12:38  Marauder, Marine x3  
  76  12:39  Marine  
  76  12:42  Stimpack  
  82  12:53  Starport Tech Lab x2  
  82  12:55  Missile Turret  
  82  12:56  Marine  
  83  12:59  Marauder, Planetary Fortress  
  83  13:03  Missile Turret  
  83  13:04  Marine x2  
  87  13:09  Terran Vehicle Weapons Level 1  
  87  13:20  Marauder, Terran Infantry Weapons Level 3  
  87  13:22  Cloaking Field, Sensor Tower  
  87  13:26  Banshee  
  92  13:30  Banshee  
  95  13:42  Marauder  
  97  13:51  SCV  
  98  14:06  Command Center  
  98  14:08  Sensor Tower  
  98  14:09  Marauder, Marine x4  
  104  14:12  Refinery  
  104  14:15  Refinery  
  104  14:26  Marine  
  104  14:27  Marine  
  104  14:30  Marauder  
  108  14:35  Viking x2  
  109  14:47  Planetary Fortress  
  109  14:51  Marauder  
  97  15:24  Marine  
  70  15:42  Marine  
  51  15:53  Barracks x2  
  51  15:55  Barracks, Planetary Fortress  
  51  15:59  Refinery  
  51  16:00  Marine  
  51  16:18  Marine  
  41  16:35  Marine  
  39  16:45  SCV  
  46  16:53  Marine  
  47  16:55  Barracks Tech Lab x3  
  47  16:57  SCV  
  47  17:04  Engineering Bay  
  47  17:05  Barracks, Command Center  
  47  17:07  Barracks x2  
Tags
 
Composition
MMM Bio
League
GoldGold
Matchup
TvT
Race
Terran
Add a new tag
Caveats
  • Supply blocks, unpowered buildings, or Contaminate may cause inaccurate times.
  • Supply counts are checked every 10 seconds.